 Dungeon Crawl Stone Soup version 0.23.2-1-ga50397a6bc (webtiles) character file.

Game seed: 6165715011521438953

43 NochnoyZador the Grasshopper (level 3, -2/18 HPs)
             Began as a Vine Stalker Warper on May 4, 2019.
             Slain by a gnoll
             ... wielding a +0 flail
              (6 damage)
             ... on level 1 of the Dungeon.
             The game lasted 00:05:34 (1532 turns).

NochnoyZador the Grasshopper (Vine Stalker Warper)  Turns: 1532, Time: 00:05:34

Health: -2/18      AC:  3    Str: 13    XL:     3   Next: 58%
Magic:  0/8        EV: 11    Int: 14    God:
Gold:   44         SH:  0    Dex: 13    Spells: 4/8 levels left

rFire    . . .     SeeInvis .   a - +0 mace
rCold    . . .     Gourm    .   (no shield)
rNeg     . . .     Faith    .   b - +0 leather armour
rPois    .         Spirit   +   (no helmet)
rElec    .         Reflect  .   (no cloak)
rCorr    .         Harm     .   (no gloves)
MR       .....                  (no boots)
Stlth    ++........             (no amulet)
HPRegen  0.06/turn              (no ring)
MPRegen  0.11/turn              (no ring)

@: very slightly contaminated
A: fangs 2, magic shield, antimagic bite, no potion heal 3, rot immunity
a: no special abilities


You were on level 1 of the Dungeon.
You were not hungry.

You visited 1 branch of the dungeon, and saw 2 of its levels.

You collected 44 gold pieces.

Inventory:

Hand Weapons
 a - a +0 mace (weapon)
Missiles
 c - 73 stones
 e - 5 tomahawks of dispersal (quivered)
Armour
 b - a +0 leather armour (worn)
Scrolls
 d - 2 scrolls of blinking
 g - a scroll of remove curse {unknown}
 j - 2 scrolls of immolation {unknown}
 k - a scroll of teleportation {unknown}
 l - 4 scrolls of identify {unknown}
 n - 2 scrolls of enchant armour {unknown}
 o - a scroll of fog {unknown}
Potions
 i - a potion of brilliance {unknown}
 m - a potion of flight {unknown}
Comestibles
 f - 3 rations
 h - a chunk of flesh


   Skills:
 - Level 1.7 Fighting
 - Level 1.7 Maces & Flails
 - Level 0.8 Throwing
 - Level 0.7 Armour
 - Level 1.5 Dodging
 + Level 2.4 Stealth
 - Level 3.0 Spellcasting
 + Level 3.4 Translocations


You had 4 spell levels left.
You knew the following spells:

 Your Spells              Type           Power        Failure   Level  Hunger
a - Shroud of Golubria    Chrm/Tloc      #.........   21%         2    ##.....
b - Blink                 Tloc           N/A          11%         2    ##.....

Your spell library contained the following spells:

 Spells                   Type           Power        Failure   Level  Hunger
 Gell's Gravitas          Tloc           ##........   21%         3    ###....
 Lesser Beckoning         Tloc           ##........   21%         3    ###....
 Teleport Other           Tloc           ##......     21%         3    ###....
 Passage of Golubria      Tloc           N/A          56%         4    #####..


Dungeon Overview and Level Annotations

Branches:
Dungeon (2/15)

Altars:


Innate Abilities, Weirdness & Mutations

You have extremely sharp teeth.
When hurt, damage is shared between your health and your magic reserves.
Your bite disrupts and absorbs the magic of your enemies.
Potions cannot restore your health.
You are immune to rotting.


Message History

The gnoll barely misses you.
There is a stone staircase leading up here.
The gnoll misses you.
You climb upwards.
There is a stone staircase leading down here.
Casting: Shroud of Golubria (safe; 21% risk of failure)
Confirm with . or Enter, or press ? or * to list all spells.
You miscast Shroud of Golubria.
You are very lightly contaminated with residual magic.
Multicoloured lights dance before your eyes!
The gnoll hits you with a +0 flail.
* * * LOW HITPOINT WARNING * * *
Casting: Shroud of Golubria (safe; 21% risk of failure)
Confirm with . or Enter, or press ? or * to list all spells.
Space distorts slightly along a thin shroud covering your body.
You hit the gnoll.
The gnoll is moderately wounded.
Your shroud bends the gnoll's attack away.
The gnoll hits you with a +0 flail!
You die...

##### ############ ....#
#..........#
###.##########.########.#
................# #.#
..###.##.###.#..# ####.######
..# #......#.#..####....)....#
..###.##.#......@g...##.####.#
......#..)......#######.# #.#
.##.###.#####...# #.# #.#
.##.# #.##.##...# #.# #.#
)##.# #.#.#.#...# #.# #.#
....# #...##....#######.####.#
.#######....#..............#.#
## #...#........###)######.#.#
#...'.....#..###.# #.#.##


You could see a gnoll.

Vanquished Creatures
  An adder (D:2)
  A dart slug (D:1)
  An orc (D:2)
  2 giant cockroaches
  9 goblins
  3 hobgoblins
  A ball python (D:2)
  2 frilled lizards
  5 kobolds (D:1)
  4 rats
29 creatures vanquished.

Notes
Turn   | Place    | Note
-------+----------+-------------------------------------------
     0 | D:1      | NochnoyZador the Vine Stalker Warper began the quest for
                  | the Orb.
     0 | D:1      | Reached XP level 1. HP: 11/11 MP: 4/4
   167 | D:1      | Reached skill level 1 in Stealth
   229 | D:1      | Reached XP level 2. HP: 10/15 MP: 4/6
   252 | D:1      | Learned a level 2 spell: Shroud of Golubria
   255 | D:1      | Learned a level 2 spell: Blink
   898 | D:2      | Reached XP level 3. HP: 18/18 MP: 4/8
  1532 | D:1      | Slain by a gnoll

Skill      XL: |  1  2  3 |
---------------+----------+-----
Stealth        | 1 2 |  2.4
Spellcasting   | 3 |  3.0
Fighting       | |  1.7
Maces & Flails | |  1.7
Throwing       | |  0.8
Armour         | |  0.7
Dodging        | |  1.5
Translocations | |  3.4

Action                   || total
-------------------------++-------
Melee: Mace              ||    69
       Bite              ||     9
 Cast: Shroud of Golubri ||    13
  Eat: Chunk             ||     3
Armor: Leather armour    ||    11
Dodge: Dodged            ||    52
